TOP OF THE 1ST |
New Orleans Looters batting - Pitching for Greenville 84s : RHP Vicente Durán
|
Pitching: RHP Vicente Durán
|
|
Batting: LHB Miguel Colón
|
0-0: Ball 1-0: Ball 2-0: Called Strike 2-1: Ball 3-1: Foul Ball, location: 2F 3-2: Base on Balls
|
Batting: RHB Rubén Vázquez
|
0-0: Ball 1-0: Foul Ball, location: 2F 1-1: Swinging Strike 1-2: DOUBLE (Groundball, 5L) Miguel Colón to third
|
Batting: SHB Arturo Sánchez
|
0-0: Ball 1-0: Called Strike 1-1: Called Strike 1-2: Ball 2-2: Ball 3-2: Reached on error, E4 (Groundball, 4) Miguel Colón scores Rubén Vázquez to third
|
Batting: LHB Taylor Smith
|
0-0: Swinging Strike Pickoff Throw to First - Error! E1 Rubén Vázquez scores Arturo Sánchez to second 0-1: Called Strike 0-2: Ball 1-2: Ground out 4-3 (Groundball, 34D) Arturo Sánchez to third
|
Batting: SHB Oliver Deleón
|
0-0: Foul Ball, location: 2F 0-1: Ball 1-1: Ball 2-1: Called Strike 2-2: Ball 3-2: DOUBLE (Line Drive, 78D) Arturo Sánchez scores
|
Batting: RHB Dave O'Loan
|
0-0: Called Strike 0-1: Swinging Strike 0-2: Ball 1-2: Strikes out looking
|
Batting: RHB Ramón Hernández
|
0-0: Ball 1-0: Foul Ball, location: 2F 1-1: Foul Ball, location: 2F 1-2: Ball 2-2: Ball 3-2: Strikes out swinging
|
Top of the 1st over - 3 runs, 2 hits, 2 errors, 1 left on base; New Orleans 3 - Greenville 0 |
BOTTOM OF THE 1ST |
Greenville 84s batting - Pitching for New Orleans Looters : RHP Edward Baker
|
Pitching: RHP Edward Baker
|
|
Batting: RHB Carlos Torres
|
0-0: Ball 1-0: Ball 2-0: Ball 3-0: Called Strike 3-1: Foul Ball, location: 2F 3-2: SINGLE (Line Drive, 89M)
|
Batting: LHB Paco Rosas
|
0-0: Ball 1-0: Ball 2-0: Ball 3-0: Called Strike 3-1: Foul Ball, location: 2F 3-2: Base on Balls Carlos Torres to second
|
Batting: RHB Enzo Díaz
|
0-0: SINGLE (Line Drive, 89S) Carlos Torres to third Paco Rosas to second Runner from 3rd tries for Home, SAFE, no throw
|
Batting: LHB Brock Larsen
|
0-0: Called Strike 0-1: Ball 1-1: SINGLE (Line Drive, 7S) Paco Rosas to third Enzo Díaz to second Runner from 3rd tries for Home, SAFE, no throw
|
Batting: LHB Juan Cortés
|
0-0: Fielders Choice at 2nd, 6-4 (Groundball, 6) Enzo Díaz to third
|
Batting: RHB Pat Fernández
|
0-0: Called Strike 0-1: Ball 1-1: Ball 2-1: Called Strike 2-2: Ball 3-2: Strikes out swinging
|
Batting: LHB Robert Moore
|
0-0: Ball 1-0: Fly out, F4 (Line Drive, 4)
|
Bottom of the 1st over - 2 runs, 3 hits, 0 errors, 2 left on base; New Orleans 3 - Greenville 2 |
TOP OF THE 2ND |
New Orleans Looters batting - Pitching for Greenville 84s : RHP Vicente Durán
|
Batting: RHB Dan Banks
|
0-0: DOUBLE (Line Drive, 89D)
|
Batting: RHB Run-ming Zhu
|
0-0: Fly out, F8 (Flyball, 8LD)
|
Batting: LHB Miguel Colón
|
0-0: Ball 1-0: SINGLE (Groundball, 56D) Dan Banks to third
|
Batting: RHB Rubén Vázquez
|
0-0: Foul Ball, location: 2F 0-1: Ball 1-1: Ball 2-1: Swinging Strike 2-2: Strikes out swinging Miguel Colón steals 2nd base Batter strikes out.
|
Batting: SHB Arturo Sánchez
|
0-0: Ball 1-0: Ball 2-0: Fly out, F6 (Line Drive, 6MD)
|
Top of the 2nd over - 0 runs, 2 hits, 0 errors, 2 left on base; New Orleans 3 - Greenville 2 |
BOTTOM OF THE 2ND |
Greenville 84s batting - Pitching for New Orleans Looters : RHP Edward Baker
|
Batting: RHB Robert Buckley
|
0-0: Called Strike 0-1: Foul Ball, location: 2F 0-2: Strikes out swinging
|
Batting: LHB Dave Raines
|
0-0: Swinging Strike 0-1: Swinging Strike 0-2: Ground out 4-3 (Groundball, 4)
|
Batting: RHB Carlos Torres
|
0-0: Called Strike 0-1: Ball 1-1: Foul Ball, location: 2F 1-2: Foul Ball, location: 2F 1-2: Strikes out swinging
|
Bottom of the 2nd over - 0 runs, 0 hits, 0 errors, 0 left on base; New Orleans 3 - Greenville 2 |
TOP OF THE 3RD |
New Orleans Looters batting - Pitching for Greenville 84s : RHP Vicente Durán
|
Batting: LHB Taylor Smith
|
0-0: Ball 1-0: Called Strike 1-1: Ball 2-1: Ball 3-1: SINGLE (Groundball, 4MD)
|
Batting: SHB Oliver Deleón
|
0-0: Called Strike 0-1: Ball 1-1: Fly out, F7 (Flyball, 7LM)
|
Batting: RHB Dave O'Loan
|
0-0: Foul Ball, location: 2F 0-1: Foul Ball, location: 2F 0-2: Fly out, F7 (Flyball, 7S)
|
Batting: RHB Ramón Hernández
|
0-0: Ball Wild Pitch! Taylor Smith to second 1-0: Called Strike 1-1: 2-RUN HOME RUN (Flyball, 78XD), Distance : 383 ft
|
Batting: RHB Dan Banks
|
0-0: Called Strike 0-1: Ball 1-1: Swinging Strike 1-2: Ball 2-2: Strikes out swinging
|
Top of the 3rd over - 2 runs, 2 hits, 0 errors, 0 left on base; New Orleans 5 - Greenville 2 |
BOTTOM OF THE 3RD |
Greenville 84s batting - Pitching for New Orleans Looters : RHP Edward Baker
|
Batting: LHB Paco Rosas
|
0-0: Called Strike 0-1: Called Strike 0-2: Foul Ball, location: 2F 0-2: Foul Ball, location: 2F 0-2: Foul Ball, location: 2F 0-2: Strikes out swinging
|
Batting: RHB Enzo Díaz
|
0-0: Called Strike 0-1: Ball 1-1: Ball 2-1: Foul Ball, location: 2F 2-2: Ground out 4-3 (Groundball, 4M)
|
Batting: LHB Brock Larsen
|
0-0: Foul Ball, location: 2F 0-1: Foul Ball, location: 2F 0-2: SOLO HOME RUN (Flyball, 7D), Distance : 355 ft
|
Batting: LHB Juan Cortés
|
0-0: Ball 1-0: Ball 2-0: DOUBLE (Groundball, 5L)
|
Batting: RHB Pat Fernández
|
0-0: Ball 1-0: Ground out 4-3 (Groundball, 4M)
|
Bottom of the 3rd over - 1 run, 2 hits, 0 errors, 1 left on base; New Orleans 5 - Greenville 3 |
TOP OF THE 4TH |
New Orleans Looters batting - Pitching for Greenville 84s : RHP Vicente Durán
|
Batting: RHB Run-ming Zhu
|
0-0: Ball 1-0: Swinging Strike 1-1: Foul Ball, location: 2F 1-2: Strikes out swinging
|
Batting: LHB Miguel Colón
|
0-0: Ball 1-0: Ball 2-0: Foul Ball, location: 2F 2-1: Ball 3-1: Foul Ball, location: 2F 3-2: Strikes out swinging
|
Batting: RHB Rubén Vázquez
|
0-0: Ball 1-0: Called Strike 1-1: Swinging Strike 1-2: Ground out 4-3 (Groundball, 4M)
|
Top of the 4th over - 0 runs, 0 hits, 0 errors, 0 left on base; New Orleans 5 - Greenville 3 |
BOTTOM OF THE 4TH |
Greenville 84s batting - Pitching for New Orleans Looters : RHP Edward Baker
|
Batting: LHB Robert Moore
|
0-0: Ball 1-0: Ball 2-0: Ground out U3 (Groundball, 34)
|
Batting: RHB Robert Buckley
|
0-0: Called Strike 0-1: Swinging Strike 0-2: Foul Ball, location: 2F 0-2: Fly out, F9 (Flyball, 89S)
|
Batting: LHB Dave Raines
|
0-0: Foul Ball, location: 2F 0-1: Ball 1-1: Foul Ball, location: 2F 1-2: Ground out 4-3 (Groundball, 4M)
|
Bottom of the 4th over - 0 runs, 0 hits, 0 errors, 0 left on base; New Orleans 5 - Greenville 3 |
TOP OF THE 5TH |
New Orleans Looters batting - Pitching for Greenville 84s : RHP Vicente Durán
|
Batting: SHB Arturo Sánchez
|
0-0: Foul Ball, location: 2F 0-1: Swinging Strike 0-2: Foul Ball, location: 2F 0-2: Ball 1-2: Ball 2-2: Fly out, F8 (Flyball, 8RM)
|
Batting: LHB Taylor Smith
|
0-0: Called Strike 0-1: SINGLE (Groundball, 34D)
|
Batting: SHB Oliver Deleón
|
0-0: Ball 1-0: Ball 2-0: Called Strike 2-1: Foul Ball, location: 2F 2-2: Foul Ball, location: 2F 2-2: SINGLE (Groundball, 4MD) Taylor Smith to second Runner from 2nd tries for 3rd, SAFE, throw made to third
|
Batting: RHB Dave O'Loan
|
0-0: Ball 1-0: Ball 2-0: Called Strike 2-1: Swinging Strike 2-2: Strikes out swinging
|
Pitching: RHP Tomás González
|
|
Batting: RHB Ramón Hernández
|
0-0: Ball 1-0: Ball 2-0: Called Strike 2-1: Foul Ball, location: 2F 2-2: Ball 3-2: Foul Ball, location: 2F 3-2: Base on Balls Oliver Deleón to second
|
Batting: RHB Dan Banks
|
0-0: SINGLE (Groundball, 6MD) Taylor Smith scores Oliver Deleón to third Ramón Hernández to second Runner from 3rd tries for Home, SAFE, no throw
|
Batting: RHB Run-ming Zhu
|
0-0: Fielders Choice at 2nd, 6-4 (Groundball, 56)
|
Top of the 5th over - 2 runs, 3 hits, 0 errors, 2 left on base; New Orleans 7 - Greenville 3 |
BOTTOM OF THE 5TH |
Greenville 84s batting - Pitching for New Orleans Looters : RHP Edward Baker
|
Batting: RHB Carlos Torres
|
0-0: Ball 1-0: Ground out 1-4-3 (Groundball, 15S)
|
Batting: LHB Paco Rosas
|
0-0: Ball 1-0: Ball 2-0: Ground out 4-3 (Groundball, 34D)
|
Batting: RHB Enzo Díaz
|
0-0: Ball 1-0: Foul Ball, location: 2F 1-1: Ball 2-1: Fly out, F8 (Flyball, 8RXD)
|
Bottom of the 5th over - 0 runs, 0 hits, 0 errors, 0 left on base; New Orleans 7 - Greenville 3 |
TOP OF THE 6TH |
New Orleans Looters batting - Pitching for Greenville 84s : RHP Tomás González
|
Batting: LHB Miguel Colón
|
0-0: Ball 1-0: Ball 2-0: Ball 3-0: Called Strike 3-1: Swinging Strike 3-2: Strikes out swinging
|
Batting: RHB Rubén Vázquez
|
0-0: Fly out, F1 (Line Drive, 15S)
|
Batting: SHB Arturo Sánchez
|
0-0: Called Strike 0-1: Ball 1-1: Foul Ball, location: 2F 1-2: SINGLE (Groundball, 5D)
|
Batting: LHB Taylor Smith
|
0-0: Foul Ball, location: 2F 0-1: Ball 1-1: Called Strike 1-2: Fly out, F7 (Line Drive, 78M)
|
Top of the 6th over - 0 runs, 1 hit, 0 errors, 1 left on base; New Orleans 7 - Greenville 3 |
BOTTOM OF THE 6TH |
Greenville 84s batting - Pitching for New Orleans Looters : RHP Edward Baker
|
Batting: LHB Brock Larsen
|
0-0: Ball 1-0: Swinging Strike 1-1: Called Strike 1-2: Fly out, F7 (Line Drive, 7S)
|
Batting: LHB Juan Cortés
|
0-0: Swinging Strike 0-1: Called Strike 0-2: Ball 1-2: Strikes out swinging
|
Batting: RHB Pat Fernández
|
0-0: Ball 1-0: Foul Ball, location: 2F 1-1: Called Strike 1-2: Ball 2-2: Strikes out swinging
|
Bottom of the 6th over - 0 runs, 0 hits, 0 errors, 0 left on base; New Orleans 7 - Greenville 3 |
TOP OF THE 7TH |
New Orleans Looters batting - Pitching for Greenville 84s : RHP Tomás González
|
Batting: SHB Oliver Deleón
|
0-0: Ball 1-0: Ball 2-0: Ball 3-0: Base on Balls
|
Batting: RHB Dave O'Loan
|
0-0: Called Strike 0-1: Bunted foul 0-2: Strikes out swinging
|
Batting: RHB Ramón Hernández
|
0-0: Foul Ball, location: 2F 0-1: Foul Ball, location: 2F 0-2: Ball 1-2: SINGLE (Flyball, 7LS) Oliver Deleón to second
|
Batting: RHB Dan Banks
|
0-0: Ball 1-0: Ground out 5-3 (Groundball, 56S) Oliver Deleón to third Ramón Hernández to second
|
Batting: RHB Run-ming Zhu
|
0-0: Swinging Strike 0-1: Ball 1-1: Swinging Strike 1-2: Fly out, F7 (Flyball, 7S)
|
Top of the 7th over - 0 runs, 1 hit, 0 errors, 2 left on base; New Orleans 7 - Greenville 3 |
BOTTOM OF THE 7TH |
Greenville 84s batting - Pitching for New Orleans Looters : RHP Edward Baker
|
Batting: LHB Robert Moore
|
0-0: Ball 1-0: Foul Ball, location: 2F 1-1: Fly out, F9 (Flyball, 9LS)
|
Batting: RHB Robert Buckley
|
0-0: Ball 1-0: Swinging Strike 1-1: Swinging Strike 1-2: Ball 2-2: Foul Ball, location: 2F 2-2: Strikes out swinging
|
Batting: LHB Dave Raines
|
0-0: Foul Ball, location: 2F 0-1: Fly out, F9 (Line Drive, 9)
|
Bottom of the 7th over - 0 runs, 0 hits, 0 errors, 0 left on base; New Orleans 7 - Greenville 3 |
TOP OF THE 8TH |
New Orleans Looters batting - Pitching for Greenville 84s : RHP Tomás González
|
Batting: LHB Miguel Colón
|
0-0: SINGLE (Line Drive, 78M)
|
Batting: RHB Rubén Vázquez
|
0-0: 2-RUN HOME RUN (Flyball, 7D), Distance : 373 ft
|
Batting: SHB Arturo Sánchez
|
0-0: Called Strike 0-1: Ground out 5-3 (Groundball, 56)
|
Batting: LHB Taylor Smith
|
0-0: Called Strike 0-1: Swinging Strike 0-2: Ball 1-2: Strikes out swinging
|
Batting: SHB Oliver Deleón
|
0-0: Ground out 4-3 (Groundball, 34D)
|
Top of the 8th over - 2 runs, 2 hits, 0 errors, 0 left on base; New Orleans 9 - Greenville 3 |
BOTTOM OF THE 8TH |
Greenville 84s batting - Pitching for New Orleans Looters : RHP Edward Baker
|
Batting: RHB Carlos Torres
|
0-0: Called Strike 0-1: Ball 1-1: SINGLE (Line Drive, 34D)
|
Batting: LHB Paco Rosas
|
0-0: Foul Ball, location: 2F 0-1: Fly out, F4 (Line Drive, 4M)
|
Batting: RHB Enzo Díaz
|
0-0: Ball 1-0: DOUBLE (Flyball, 8RXD) Carlos Torres to third Runner from 3rd tries for Home, SAFE, no throw
|
Batting: LHB Brock Larsen
|
0-0: Foul Ball, location: 2F 0-1: Ball 1-1: Ball 2-1: Ball 3-1: Called Strike 3-2: DOUBLE (Line Drive, 7LM) Enzo Díaz scores
|
Pitching: RHP Anthony O'Connor
|
|
Batting: LHB Juan Cortés
|
0-0: Foul Ball, location: 2F 0-1: Ball 1-1: Ball 2-1: Ball 3-1: Foul Ball, location: 2F 3-2: Strikes out swinging
|
Batting: RHB Pat Fernández
|
0-0: Ball 1-0: Called Strike 1-1: Ball 2-1: Foul Ball, location: 2F 2-2: Foul Ball, location: 2F 2-2: Strikes out swinging, 2-3 out at first.
|
Bottom of the 8th over - 2 runs, 3 hits, 0 errors, 1 left on base; New Orleans 9 - Greenville 5 |
TOP OF THE 9TH |
New Orleans Looters batting - Pitching for Greenville 84s : RHP Tomás González
|
Pitching: RHP Ricardo Trujillo
|
|
Batting: RHB Dave O'Loan
|
0-0: Ball 1-0: SINGLE (Line Drive, 78S)
|
Batting: RHB Ramón Hernández
|
0-0: Fly out, F2 (Popup, 25F)
|
Batting: RHB Dan Banks
|
0-0: Called Strike 0-1: Foul Ball, location: 2F 0-2: Ball 1-2: Strikes out swinging
|
Batting: RHB Run-ming Zhu
|
0-0: Ball 1-0: Ball 2-0: Ball 3-0: Called Strike 3-1: Foul Ball, location: 2F 3-2: SINGLE (Line Drive, 8LS) Dave O'Loan to second Dave O'Loan to third
|
Batting: LHB Miguel Colón
|
0-0: DOUBLE (Line Drive, 7LM) Dave O'Loan scores Run-ming Zhu to third Runner from 3rd tries for Home, SAFE, no throw
|
Batting: RHB Rubén Vázquez
|
0-0: Foul Ball, location: 2F 0-1: Ball 1-1: Foul Ball, location: 2F 1-2: Ball 2-2: Ball 3-2: Ground out 1-3 (Groundball, P)
|
Top of the 9th over - 2 runs, 3 hits, 0 errors, 1 left on base; New Orleans 11 - Greenville 5 |
BOTTOM OF THE 9TH |
Greenville 84s batting - Pitching for New Orleans Looters : RHP Anthony O'Connor
|
Batting: LHB Robert Moore
|
0-0: Ball 1-0: Ball 2-0: Called Strike 2-1: Ball 3-1: Base on Balls
|
Batting: RHB Robert Buckley
|
0-0: Ball 1-0: Grounds into double play, 4-6-3 (Groundball, 4)
|
Batting: LHB Dave Raines
|
0-0: Called Strike 0-1: Swinging Strike 0-2: Foul Ball, location: 2F 0-2: Ball 1-2: Strikes out swinging
|
Bottom of the 9th over - 0 runs, 0 hits, 0 errors, 0 left on base; New Orleans 11 - Greenville 5 |
|